 Dungeon Crawl Stone Soup version 0.30-a0-1074-g5db6f66fbb (webtiles) character file.

Game seed: 11864183744353249846

430 Dittersdorf the Shield-Bearer (level 6, -1/40 HPs)
             Began as a Gargoyle Fighter on Apr 13, 2023.
             Slain by an ogre
             ... wielding a +0 giant spiked club
              (17 damage)
             ... on level 3 of the Dungeon.
             The game lasted 00:04:24 (2688 turns).

Dittersdorf the Shield-Bearer (Gargoyle Fighter)    Turns: 2688, Time: 00:04:25

Health: -1/40      AC: 16    Str: 28    XL:     6   Next: 99%
Magic:  0/6        EV:  8    Int:  8    God:
Gold:   164        SH:  4    Dex:  9    Spells: 5/5 levels left

rFire   . . .      SeeInvis .    a - +0 flail
rCold   . . .      Faith    .    c - +0 buckler
rNeg    + . .      Spirit   +    C - +0 chain mail
rPois   ∞          Reflect  .    (no helmet)
rElec   +          Rampage  .    (no cloak)
rCorr   .                        y - +0 pair of gloves
Will    .....                    x - +0 pair of boots Stlth
                                 q - amulet of guardian spirit
HPRegen 0.26/turn                p - +6 ring of strength
MPRegen 0.10/turn                v - ring of flight

@: flying
A: sickness immunity, AC +4, negative energy resistance 1, electricity
resistance, torment resistance 1, petrification resistance
a: no special abilities


You were on level 3 of the Dungeon.
You visited 1 branch of the dungeon, and saw 4 of its levels.

You collected 164 gold pieces.

Inventory:

Hand Weapons
 a - a +0 flail (weapon)
Armour
 c - a +0 buckler (worn)
 x - a +0 pair of boots (worn)
 y - a +0 pair of gloves (worn)
 C - a +0 chain mail (worn)
Jewellery
 p - a +6 ring of strength (left hand)
 q - an amulet of guardian spirit (around neck)
 v - a ring of flight (right hand)
Scrolls
 e - a scroll of enchant weapon {unknown}
 f - 3 scrolls of amnesia {unknown}
 g - a scroll of blinking {unknown}
 h - 4 scrolls of identify {unknown}
 k - 3 scrolls of fog {unknown}
 l - a scroll of teleportation {unknown}
 o - a scroll of silence {unknown}
 r - 2 scrolls of magic mapping {unknown}
 s - a scroll of fear {unknown}
 t - 2 scrolls of enchant armour {unknown}
 w - a scroll of vulnerability {unknown}
 B - a scroll of brand weapon {unknown}
Potions
 d - 2 potions of might
 i - a potion of attraction {unknown}
 j - 3 potions of heal wounds {unknown}
 m - 4 potions of curing {unknown}
 n - a potion of invisibility {unknown}
 u - a potion of berserk rage {unknown}
 z - a potion of flight {unknown}
 A - a potion of resistance {unknown}


   Skills:
 + Level 5.0 Fighting
 + Level 4.0 Maces & Flails
 + Level 5.0 Armour
 + Level 5.0 Shields


You had 5 spell levels left.
You didn't know any spells.
Your spell library contained the following spells:

 Spells                   Type           Power      Damage    Failure   Level
 Lesser Beckoning         Tloc           0%         N/A       98%         2
 Gell's Gravitas          Tloc           0%         N/A       100%        3
 Teleport Other           Tloc           0%         N/A       100%        3
 Anguish                  Hex/Necr       0%         N/A       100%        4
 Cause Fear               Hex            0%         N/A       100%        4
 Enfeeble                 Hex            0%         N/A       100%        7


Dungeon Overview and Level Annotations

Branches:
Dungeon (4/15)
 Temple: D:4-7

Altars:


Innate Abilities, Weirdness & Mutations

You are immune to sickness and miasma.
Your stone body is resilient. (AC +4)
You are immune to poison.
You resist negative energy. (rN+)
You are resistant to electric shocks. (rElec)
You are resistant to unholy torment.
You are immune to petrification.


Message History

You kill the orc priest!
Your Fighting skill increases to level 5!
Your Maces & Flails skill increases to level 4!
Your Armour skill increases to level 5!
The ogre attacks as you move away!
The ogre hits you with a +0 giant spiked club.
The ogre attacks as you move away! The ogre closely misses you.
There is a stone staircase leading up here.
You fly upwards.
There is a stone staircase leading down here.
You start resting.
Magic restored.
You start resting.
HP restored.
You fly downwards.
The ogre hits you with a +0 giant spiked club!
There is a stone staircase leading up here.
You barely miss the ogre. You block the ogre's attack.
You closely miss the ogre. You block the ogre's attack.
You sock the ogre!
The ogre is heavily wounded.
The ogre barely misses you.
You hit the ogre.
The ogre is heavily wounded.
The ogre barely misses you.
You barely miss the ogre.
The ogre is heavily wounded.
The ogre barely misses you.
You hit the ogre.
The ogre is severely wounded.
You hit the ogre but do no damage.
The ogre is severely wounded.
The ogre hits you with a +0 giant spiked club!
You hit the ogre.
The ogre is severely wounded.
The ogre hits you with a +0 giant spiked club!
You sock the ogre!
The ogre is almost dead.
The ogre hits you with a +0 giant spiked club!!
You die...

###### #... #....# #... #....#
#... ######## #....# #...
#......# ##....# #...
#......####.....# ##...
#......##.......# #.... ##
#......##.##....######.... .##
#.###..).@#####..##....... ..##
###>#####O..........##.... ...#
####'#####...........##.... ...#
#≈≈≈g≈≈≈##...........#.....
...####≈~≈≈≈~~##.........#.......
......#...~...#................).
....###.......##.........##......
...## #.......##.........###.###.
..#####.......######.###.##......


You could see an ogre.

Vanquished Creatures
  A black bear (D:3)
  A phantom (D:4)
  A hound (D:4)
  2 orc priests (D:3)
  2 sleepcaps (D:4)
  5 adders
  A worm (D:3)
  2 dart slugs (D:1)
  6 orcs (D:3)
  3 ball pythons
  7 bats
  5 endoplasms
  4 giant cockroaches
  12 goblins
  5 hobgoblins
  A quokka (D:3)
  A frilled lizard (D:1)
  5 kobolds
  5 rats
69 creatures vanquished.

Notes
Turn   | Place    | Note
-------+----------+-------------------------------------------
     0 | D:1      | Dittersdorf the Gargoyle Fighter began the quest for the
                  | Orb.
     0 | D:1      | Reached XP level 1. HP: 14/14 MP: 1/1
    14 | D:1      | Noticed a water moccasin
    14 | D:1      | Noticed a swamp worm
    15 | D:1      | Noticed a polar bear
   136 | D:1      | Reached XP level 2. HP: 19/19 MP: 2/2
   465 | D:1      | Reached XP level 3. HP: 23/23 MP: 3/3
   793 | D:2      | Identified the +4 rapier "Hoff" {venom, rN+ Int+4 Dex-3}
  1064 | D:2      | Reached XP level 4. HP: 29/29 MP: 4/4
  1380 | D:3      | Noticed a black bear
  1388 | D:3      | Killed a black bear
  1389 | D:3      | Reached XP level 5. HP: 16/33 MP: 3/5
  2096 | D:4      | Noticed a phantom
  2120 | D:4      | Killed a phantom
  2121 | D:4      | Reached XP level 6. HP: 33/39 MP: 4/6
  2377 | D:3      | Reached skill level 5 in Shields
  2574 | D:3      | Reached skill level 5 in Fighting
  2574 | D:3      | Reached skill level 5 in Armour
  2688 | D:3      | Slain by an ogre

Illustrated notes

Levels and vault maps discovered:
D:1:      onia_arrival_zoo_common, layout_basic, serial_bayou_lagoon_a,
          serial_bayou_pond_c
D:2:      layout_basic
D:3:      layout_rooms, minmay_goblin_outpost
D:4:      layout_basic

Skill      XL: |  1  2  3  4  5  6 |
---------------+-------------------+-----
Shields        | 4 5 |  5.0
Fighting       | 4 5 |  5.0
Maces & Flails | 3 4 |  4.0
Armour         | 4 5 |  5.0

Action                     |  1- 3 |  4- 6 || total
---------------------------+-------+-------++-------
  Melee: Flail             |   108 |   183 ||   291
 Armour: Scale mail        |    49 |   121 ||   170
         Chain mail        |       |    19 ||    19
  Dodge: Dodged            |    57 |   133 ||   190
  Block: Buckler           |    32 |    56 ||    88

Table legend: (Time is in decaauts)
 A = Elapsed time spent in this place.
 B = Non-inter-level travel time spent in this place.
 C = Inter-level travel time spent in this place.
 D = Time resting spent in this place.
 E = Time spent auto-exploring this place.
 F = Levels seen in this place.
 G = Mean time per level.
                   A        B        C        D        E       F      G
               +--------+--------+--------+--------+--------+-----+--------+
         Total |   2789 |   2631 |    158 |    359 |   1471 |   4 |  697.2 |
       Dungeon |   2789 |   2631 |    158 |    359 |   1471 |   4 |  697.2 |
               +--------+--------+--------+--------+--------+-----+--------+

Top non-repeatable levels by time:
     D:3: 1008 daAuts
     D:1: 771 daAuts
     D:2: 684 daAuts
     D:4: 325 daAuts
